 Dungeon Sprint DCSS version 0.22.1-2-g9c5b331383 (webtiles) character file.

1505 Groucho the Protected (level 8, -7/82 HPs)
             Began as a Minotaur Fighter on Dec 30, 2018.
             Was a Priest of Cheibriados.
             Mangled by a nine-headed hydra (12 damage)
             ... in the Dungeon (Sprint IX: "|||||||||||||||||||||||||||||").
             The game lasted 00:02:30 (426 turns).

Groucho the Protected (Minotaur Fighter)             Turns: 426, Time: 00:02:30

Health: -7/82      AC: 14    Str: 29    XL:     8   Next: 52%
Magic:  12/12      EV: 10    Int: 16    God:    Cheibriados [***...]
Gold:   0          SH: 14    Dex: 20    Spells: 7/7 levels left

rFire    . . .     SeeInvis .   o - +1 broad axe (freeze)
rCold    . . .     Gourm    .   c - +0 shield
rNeg     . . .     Faith    .   p - +1 chain mail
rPois    .         Spirit   .   (helmet restricted)
rElec    .         Reflect  .   (no cloak)
rCorr    .         Harm     .   (no gloves)
MR       .....     NoTele   +   a - +0 pair of boots
Stlth    ..........             (no amulet)
HPRegen  0.23/turn              b - +3 ring of intelligence
MPRegen  0.13/turn              q - +2 ring of evasion

@: very slightly contaminated, very slow
A: retaliatory headbutt, horns 2
a: Bend Time, Temporal Distortion, Renounce Religion


You were in the Dungeon.
You worshipped Cheibriados.
Cheibriados was most pleased with you.
You were not hungry.

You visited 1 branch

Inventory:

Hand Weapons
 e - a +2 dire flail of crushing
 o - a +1 broad axe of freezing (weapon)
Armour
 a - a +0 pair of boots (worn)
 c - a +0 shield (worn)
 p - a +1 chain mail (worn)
Jewellery
 b - a +3 ring of intelligence (left hand)
 q - a +2 ring of evasion (right hand)
Wands
 n - a wand of iceblast (10)
Scrolls
 l - 3 scrolls of remove curse
 m - 2 scrolls of amnesia
Potions
 d - a potion of might
 h - a potion of haste
 i - 4 potions of magic
 j - 4 potions of curing
Comestibles
 f - a ration


   Skills:
 + Level 11.0 Fighting
 + Level 10.7 Axes
 + Level 11.0 Armour
 + Level 11.0 Shields
 + Level 7.8 Invocations


You had 7 spell levels left.
You didn't know any spells.
Your spell library was empty.

Dungeon Overview and Level Annotations

Branches:
Dungeon (1/1)

Altars:
Cheibriados
Dithmenos
Elyvilon
Fedhas
Gozag
Hepliaklqana
Kikubaaqudgha
Makhleb
Nemelex Xobeh
Okawaru
Qazlal
Ru
Sif Muna
Trog
Uskayaw
Vehumet
Wu Jian
Xom
Yredelemnul
Zin
The Shining One
Beogh
Jiyva
Lugonu


Innate Abilities, Weirdness & Mutations

You reflexively headbutt those who attack you in melee.
You have a pair of horns on your head.


Message History

You block the nine-headed hydra's attack.
You start removing your armour.
You continue taking off your +0 shield.
You block the nine-headed hydra's attack. x4
The nine-headed hydra bites you.
The nine-headed hydra closely misses you.
The nine-headed hydra barely misses you. x2
The nine-headed hydra bites you!
* * * LOW HITPOINT WARNING * * *
You continue taking off your +0 shield.
The nine-headed hydra bites you.
* * * LOW HITPOINT WARNING * * *
The nine-headed hydra bites you but does no damage.
You block the nine-headed hydra's attack.
The nine-headed hydra bites you.
* * * LOW HITPOINT WARNING * * *
The nine-headed hydra bites you but does no damage.
The nine-headed hydra bites you.
* * * LOW HITPOINT WARNING * * *
The nine-headed hydra bites you!
You die...

▓.▓
▓.▓
▓)▓
▓.▓
▓.▓
▓a▓
▓[▓
▓D▓
▓@▓
▓|▓
▓.▓
▓.▓
▓'▓
▓_▓
▓_▓
▓_▓
▓_▓


You could see a nine-headed hydra and a worker ant.

Vanquished Creatures
  A two-headed ogre (D)
  A gargoyle (D)
  A troll (D)
  A yak (D)
  A centaur (D)
  A scorpion (D)
  An iguana (D)
  2 worker ants (D)
  A shadow imp (D)
  An adder skeleton (D)
  A leopard gecko (D)
  A bat zombie (D)
  A goblin (D)
  2 hobgoblins (D)
  A quokka (D)
  A kobold (D)
  A quokka skeleton (D)
19 creatures vanquished.

Notes
Turn   | Place    | Note
-------+----------+-------------------------------------------
     0 | D        | Groucho the Minotaur Fighter began the quest for the Orb.
     0 | D        | Reached XP level 1. HP: 19/19 MP: 0/0
    20 | D        | Noticed an iguana
    20 | D        | Noticed a worker ant
    29 | D        | Killed a worker ant
    29 | D        | Reached skill level 5 in Fighting
    29 | D        | Reached skill level 5 in Armour
    29 | D        | Reached skill level 5 in Shields
    29 | D        | Reached XP level 2. HP: 29/29 MP: 1/1
    29 | D        | Reached XP level 3. HP: 36/36 MP: 2/2
    32 | D        | Reached skill level 5 in Axes
    49 | D        | Found a roughly hewn altar of Beogh.
    49 | D        | Found a snail-covered altar of Cheibriados.
    49 | D        | Found a shadowy altar of Dithmenos.
    49 | D        | Found a white marble altar of Elyvilon.
    49 | D        | Found a blossoming altar of Fedhas.
    49 | D        | Found an opulent altar of Gozag.
    50 | D        | Found a hazy altar of Hepliaklqana.
    51 | D        | Found a viscous altar of Jiyva.
    52 | D        | Found an ancient bone altar of Kikubaaqudgha.
    53 | D        | Became a worshipper of Cheibriados the Contemplative
    54 | D        | Found a corrupted altar of Lugonu.
    55 | D        | Found a burning altar of Makhleb.
    56 | D        | Found a sparkling altar of Nemelex Xobeh.
    57 | D        | Found an iron altar of Okawaru.
    58 | D        | Found a stormy altar of Qazlal.
    59 | D        | Found a sacrificial altar of Ru.
    60 | D        | Found a deep blue altar of Sif Muna.
    61 | D        | Found a bloodstained altar of Trog.
    62 | D        | Found a hide-covered altar of Uskayaw.
    63 | D        | Found a radiant altar of Vehumet.
    64 | D        | Found an ornate altar of the Wu Jian Council.
    65 | D        | Found a shimmering altar of Xom.
    66 | D        | Found a basalt altar of Yredelemnul.
    67 | D        | Found a glowing silver altar of Zin.
    68 | D        | Found a glowing golden altar of the Shining One.
   117 | D        | Noticed a yak
   117 | D        | Noticed a two-headed ogre
   117 | D        | Noticed a scorpion
   117 | D        | Noticed a troll
   122 | D        | Killed a troll
   122 | D        | Reached XP level 4. HP: 32/48 MP: 2/6
   122 | D        | Reached XP level 5. HP: 36/53 MP: 2/7
   122 | D        | Reached XP level 6. HP: 41/61 MP: 2/8
   125 | D        | Killed a two-headed ogre
   125 | D        | Reached * piety under Cheibriados
   125 | D        | Reached skill level 10 in Fighting
   125 | D        | Reached skill level 10 in Armour
   125 | D        | Reached skill level 10 in Shields
   125 | D        | Reached XP level 7. HP: 35/72 MP: 2/11
   139 | D        | Killed a yak
   139 | D        | Reached ** piety under Cheibriados
   139 | D        | Reached skill level 10 in Axes
   139 | D        | Reached XP level 8. HP: 43/80 MP: 4/12
   403 | D        | Noticed a gargoyle
   403 | D        | Noticed an eight-headed hydra
   405 | D        | Reached *** piety under Cheibriados
   408 | D        | Killed a gargoyle
   426 | D        | Mangled by a nine-headed hydra

Skill      XL: |  1  2  3  4  5  6  7  8 |
---------------+-------------------------+-----
Fighting       | 5 7 10 11 | 11.0
Axes           | 4 7 9 10 | 10.7
Armour         | 5 7 10 11 | 11.0
Shields        | 5 7 10 11 | 11.0
Invocations    | 4 6 7 |  7.8

Action                   |  1- 3 |  4- 6 |  7- 9 || total
-------------------------+-------+-------+-------++-------
Melee: War axe           |    24 |       |       ||    24
       Headbutt          |     7 |       |     6 ||    13
       Broad axe         |     4 |     3 |    20 ||    27
  Use: Potion            |     3 |       |     3 ||     6
       Scroll            |       |       |     2 ||     2
 Stab: Invisible         |     2 |     1 |       ||     3
Armor: Scale mail        |     7 |       |       ||     7
       Chain mail        |     3 |     1 |    31 ||    35
Dodge: Dodged            |    11 |     1 |    18 ||    30
Block: Shield            |    13 |     1 |    43 ||    57
